 Dungeon Crawl Stone Soup version 0.29-a0-275-g389c0b56f3 (webtiles) character file.

Game seed: 15671483960451124677

2212 epen the Slasher (level 9, -9/111 HPs)
             Began as a Gnoll Cinder Acolyte on Mar 10, 2022.
             Was a Follower of Okawaru.
             Mangled by a fire elemental (10 damage)
             ... created by the fiery vengeance of Ignis
             ... on level 6 of the Dungeon.
             The game lasted 00:12:35 (8632 turns).

epen the Slasher (Gnoll Cinder Acolyte)             Turns: 8632, Time: 00:12:36

Health: -9/111     AC:  8    Str: 15 (18) XL:     9   Next: 35%
Magic:  25/25      EV: 11    Int: 10 (13) God:    Okawaru [*.....]
Gold:   344        SH:  0    Dex: 10 (12) Spells: 16/18 levels left

rFire   . . .      SeeInvis +   n - +2 hand axe (vorpal)
rCold   . . .      Faith    .   (no shield)
rNeg    . . .      Spirit   .   c - +0 ring mail
rPois   .          Reflect  .   (no helmet)
rElec   .          Harm     .   (no cloak)
rCorr   .          Rampage  .   (no gloves)
Will    .....                   q - +1 pair of boots
Stlth   ..........              (no amulet)
HPRegen 0.28/turn               x - ring of see invisible
MPRegen 0.19/turn               e - ring of the Scorching Gods {MP+9 Dex+4 Slay+2}

@: berserking, hasted, fire susceptible, very quick
A: fangs 1, strong nose, distributed training
a: Renounce Religion, Heroism


You were on level 6 of the Dungeon.
You worshipped Okawaru.
Okawaru was aware of your devotion.
You visited 2 branches of the dungeon, and saw 8 of its levels.

You collected 344 gold pieces.

Inventory:

Hand Weapons
 a - a -1 falchion of flaming
 n - a +2 vorpal hand axe (weapon)
 o - a +0 short sword
 t - a +0 short sword of speed
 w - a +2 rapier of draining
Missiles
 f - 6 javelins
 h - 3 atropa-tipped darts (quivered)
 k - 3 poisoned darts
Armour
 b - a +0 robe
 c - a +0 ring mail (worn)
 q - a +1 pair of boots (worn)
Jewellery
 e - the ring of the Scorching Gods (right hand) {MP+9 Dex+4 Slay+2}
   (You found it on level 4 of the Dungeon)

   [ring of magical power]

   Dex:       It affects your dexterity (+4).
   Slay:      It affects your accuracy & damage with ranged weapons and melee
   (+2).
   MP:        It affects your magic capacity (+9).
 g - a +4 ring of protection
 x - a ring of see invisible (left hand)
Wands
 v - a wand of flame (10)
 z - a wand of polymorph (5)
Scrolls
 m - 3 scrolls of silence
 u - 4 scrolls of identify
 y - a scroll of holy word
 C - a scroll of fear
Potions
 d - 4 potions of curing
 i - 2 potions of brilliance
 l - a potion of lignification
 r - 2 potions of haste
 s - 2 potions of attraction


   Skills:
 + Level 7.8 Fighting
 + Level 4.1 Short Blades
 + Level 7.8 Long Blades
 + Level 4.1 Axes
 + Level 4.1 Maces & Flails
 + Level 4.1 Polearms
 + Level 4.1 Staves
 + Level 4.1 Slings
 + Level 4.1 Bows
 + Level 4.1 Crossbows
 + Level 4.1 Throwing
 + Level 4.1 Armour
 + Level 4.1 Dodging
 + Level 4.1 Stealth
 + Level 4.1 Shields
 + Level 4.1 Unarmed Combat
 + Level 5.1 Spellcasting
 + Level 3.4 Conjurations
 + Level 3.4 Hexes
 + Level 3.4 Summonings
 + Level 3.4 Necromancy
 + Level 3.4 Translocations
 + Level 3.4 Transmutations
 + Level 6.5 Fire Magic
 + Level 3.4 Ice Magic
 + Level 3.4 Air Magic
 + Level 3.4 Earth Magic
 + Level 3.4 Poison Magic
 + Level 4.5 Invocations
 + Level 4.1 Evocations


You had 16 spell levels left.
You knew the following spells:

 Your Spells              Type           Power      Damage    Failure   Level
a - Scorch                Fire           30%        2d7       4%          2

Your spell library contained the following spells:

 Spells                   Type           Power      Damage    Failure   Level
 Sublimation of Blood     Necr           9%         N/A       16%         2
 Anguish                  Hex/Necr       4%         N/A       71%         4
 Petrify                  Tmut/Erth      9%         N/A       71%         4
 Irradiate                Conj/Tmut      4%         3d15      96%         5
 Enfeeble                 Hex            4%         N/A       100%        7
 Tukima's Dance           Hex            Unusable   N/A       N/A         3

Dungeon Overview and Level Annotations

Branches:
Dungeon (7/15)             Temple (1/1) D:6

Altars:
Ashenzari
Cheibriados
Dithmenos
Elyvilon
Fedhas
Gozag
Hepliaklqana
Kikubaaqudgha
Makhleb
Nemelex Xobeh
Okawaru
Qazlal
Ru
Sif Muna
Trog
Uskayaw
Vehumet
Wu Jian
Xom
Yredelemnul
Zin
The Shining One

Annotations:
D:5 Dowan


Innate Abilities, Weirdness & Mutations

You have very sharp teeth.
Your uncanny sense of smell can sniff out nearby items.
Your experience applies equally to all skills.


Message History

"Burn!
Burn until nothing is left!" 2 fire elementals come into view.
The fire elemental hits you. The fire elemental burns you!
The fire elemental hits you. The fire elemental burns you!
The fire elemental hits you. The fire elemental burns you!
* * * LOW HITPOINT WARNING * * *
There is a stone staircase leading up here.
The fire elemental hits you. The fire elemental burns you!
* * * LOW HITPOINT WARNING * * *
You climb upwards.
There is a stone staircase leading down here.
You feel much better. The fire elemental hits you.
The fire elemental burns you!
* * * LOW HITPOINT WARNING * * *
You feel yourself speed up. The fire elemental hits you.
The fire elemental burns you!
* * * LOW HITPOINT WARNING * * *
You feel better. The fire elemental hits you.
* * * LOW HITPOINT WARNING * * *
The fire elemental burns you!
* * * LOW HITPOINT WARNING * * *
Okay, then.
It was a potion of degeneration.
There was something very wrong with that liquid.
You feel weakened.
You feel dopey.
You feel clumsy. The fire elemental misses you.
It was a potion of berserk rage.
A red film seems to cover your vision as you go berserk!
You feel yourself moving faster!
You feel mighty! The fire elemental barely misses you.
You closely miss the fire elemental. The fire elemental hits you.
* * * LOW HITPOINT WARNING * * *
The fire elemental burns you!
* * * LOW HITPOINT WARNING * * *
You hit the fire elemental.
The fire elemental is moderately damaged.
The fire elemental hits you.
* * * LOW HITPOINT WARNING * * *
The fire elemental burns you!
You die...

##### ###...# ##.....#
#### #......# #..##
#.....## ##..## #..#@.#
### ##..# ####E####.##
##.# #.°##....## #..
#>.#......## ##. #####
#..........## ##
##...####...........## #
#.....##..#..........##
##.....##..#...........#
#.......#..##..........##


You could see a fire elemental.

Vanquished Creatures
  An unseen horror (D:7)
  A fire elemental (D:6)
  Duvessa (D:5)
  A water moccasin (D:7)
  2 sky beasts
  An ice beast (D:6)
  4 ogres
  2 centaurs
  A kobold brigand (D:5)
  A scorpion (D:6)
  5 wights (D:6)
  A howler monkey (D:6)
  An orc priest (D:6)
  6 hounds
  A jelly (D:5)
  Ijyb (D:5)
  Jessica (D:2)
  3 iguanas
  An orc wizard (D:5)
  7 adders
  A worm (D:5)
  A dart slug (D:3)
  15 orcs
  5 endoplasms
  7 giant cockroaches
  7 goblins
  9 hobgoblins
  2 jackals (D:2)
  13 kobolds
  5 quokkas
  8 ball pythons
  6 bats
  4 frilled lizards
  8 rats
133 creatures vanquished.

Vanquished Creatures (others)
  112 foxfires
112 creatures vanquished.

Grand Total: 245 creatures vanquished

Notes
Turn   | Place    | Note
-------+----------+-------------------------------------------
     0 | D:1      | epen the Gnoll Cinder Acolyte began the quest for the Orb.
     0 | D:1      | Reached XP level 1. HP: 23/23 MP: 4/4
   253 | D:1      | Reached XP level 2. HP: 29/29 MP: 5/5
   292 | D:1      | Found a faded altar of an unknown god.
   389 | D:1      | You fall into a shaft and drop 1 floor!
   527 | D:2      | Reached XP level 3. HP: 35/35 MP: 7/7
   648 | D:2      | Reached skill level 1 in Invocations
  1021 | D:2      | Reached skill level 1 in Short Blades
  1021 | D:2      | Reached skill level 1 in Axes
  1021 | D:2      | Reached skill level 1 in Maces & Flails
  1021 | D:2      | Reached skill level 1 in Polearms
  1021 | D:2      | Reached skill level 1 in Staves
  1021 | D:2      | Reached skill level 1 in Slings
  1021 | D:2      | Reached skill level 1 in Bows
  1021 | D:2      | Reached skill level 1 in Crossbows
  1021 | D:2      | Reached skill level 1 in Throwing
  1021 | D:2      | Reached skill level 1 in Armour
  1021 | D:2      | Reached skill level 1 in Dodging
  1021 | D:2      | Reached skill level 1 in Stealth
  1021 | D:2      | Reached skill level 1 in Shields
  1021 | D:2      | Reached skill level 1 in Unarmed Combat
  1021 | D:2      | Reached skill level 1 in Evocations
  1369 | D:2      | Reached XP level 4. HP: 31/41 MP: 8/8
  2453 | D:3      | Noticed Jessica
  2462 | D:2      | Killed Jessica
  2463 | D:2      | Reached skill level 1 in Conjurations
  2463 | D:2      | Reached skill level 1 in Hexes
  2463 | D:2      | Reached skill level 1 in Summonings
  2463 | D:2      | Reached skill level 1 in Necromancy
  2463 | D:2      | Reached skill level 1 in Translocations
  2463 | D:2      | Reached skill level 1 in Transmutations
  2463 | D:2      | Reached skill level 1 in Ice Magic
  2463 | D:2      | Reached skill level 1 in Air Magic
  2463 | D:2      | Reached skill level 1 in Earth Magic
  2463 | D:2      | Reached skill level 1 in Poison Magic
  2602 | D:3      | Reached XP level 5. HP: 17/47 MP: 9/9
  3455 | D:4      | Identified the ring of the Scorching Gods {MP+9 Dex+4
                  | Slay+2}
  3725 | D:4      | Noticed an ogre
  3732 | D:4      | Killed an ogre
  3733 | D:4      | Reached XP level 6. HP: 8/53 MP: 11/11
  4377 | D:5      | Entered Level 5 of the Dungeon
  4378 | D:5      | Noticed a yak
  4379 | D:5      | Noticed a yak
  4413 | D:5      | Reached XP level 7. HP: 56/59 MP: 12/12
  4629 | D:5      | Learned a level 2 spell: Scorch
  4751 | D:5      | Noticed a yak
  4751 | D:5      | Noticed a yak
  4853 | D:5      | Noticed Ijyb
  4865 | D:5      | Killed Ijyb
  5064 | D:6      | Reached XP level 8. HP: 24/67 MP: 14/14
  5074 | D:6      | HP: 2/67 [howler monkey (4)]
  5569 | D:5      | Noticed Duvessa
  5751 | D:5      | Noticed Dowan
  5765 | D:5      | Killed Duvessa
  6590 | D:6      | Found a staircase to the Ecumenical Temple.
  6658 | Temple   | Entered the Ecumenical Temple
  6932 | Temple   | Fell from the grace of Ignis
  6932 | Temple   | Became a worshipper of Warmaster Okawaru
  7146 | D:6      | Reached XP level 9. HP: 68/72 MP: 16/16
  8461 | D:7      | Found an ornate altar of the Wu Jian Council.
  8487 | D:7      | Reached skill level 5 in Spellcasting
  8496 | D:7      | Noticed an unseen horror
  8513 | D:7      | HP: 3/73 [unseen horror (8)]
  8516 | D:7      | Killed an unseen horror
  8516 | D:7      | Reached * piety under Okawaru
  8631 | D:6      | HP: 2/111 [fire elemental[the fiery vengeance of Ignis]
                  | (10)]
  8632 | D:6      | Mangled by a fire elemental

Illustrated notes

Levels and vault maps discovered:
D:1:      minmay_arrival_doors, layout_loops_corners,
          dreamdust_ecumenical_altar_angels_and_demons, minmay_domino_4
D:2:      minmay_skewed_foursquare, layout_basic, chequers_mini_garden
D:3:      layout_rooms, uniq_jessica
D:4:      layout_rooms, nicolae_elevator_lobby_asterisk
D:5:      minmay_spotlight, layout_gridville, roderic_three_in_a_row, uniq_ijyb,
          uniq_duvessa
D:6:      layout_cave_pods, minmay_temple_entry_overgrown
D:7:      layout_cave_pools, lemuel_round_altar, chequers_arboretum
Temple:   roderic_octagonal_lattice_temple

Skill      XL: |  1  2  3  4  5  6  7  8  9 |
---------------+----------------------------+-----
Invocations    | 1 2 3 4 |  4.5
Short Blades   | 1 2 3 4 |  4.1
Axes           | 1 2 3 4 |  4.1
Maces & Flails | 1 2 3 4 |  4.1
Polearms       | 1 2 3 4 |  4.1
Staves         | 1 2 3 4 |  4.1
Slings         | 1 2 3 4 |  4.1
Bows           | 1 2 3 4 |  4.1
Crossbows      | 1 2 3 4 |  4.1
Throwing       | 1 2 3 4 |  4.1
Armour         | 1 2 3 4 |  4.1
Dodging        | 1 2 3 4 |  4.1
Stealth        | 1 2 3 4 |  4.1
Shields        | 1 2 3 4 |  4.1
Unarmed Combat | 1 2 3 4 |  4.1
Evocations     | 1 2 3 4 |  4.1
Spellcasting   | 3 4 5 |  5.1
Conjurations   | 1 2 3 |  3.4
Hexes          | 1 2 3 |  3.4
Summonings     | 1 2 3 |  3.4
Necromancy     | 1 2 3 |  3.4
Translocations | 1 2 3 |  3.4
Transmutations | 1 2 3 |  3.4
Ice Magic      | 1 2 3 |  3.4
Air Magic      | 1 2 3 |  3.4
Earth Magic    | 1 2 3 |  3.4
Poison Magic   | 1 2 3 |  3.4
Fighting       | 7 |  7.8
Long Blades    | 7 |  7.8
Fire Magic     | 6 |  6.5

Action                   |  1- 3 |  4- 6 |  7- 9 || total
-------------------------+-------+-------+-------++-------
Melee: Falchion          |   140 |   145 |       ||   285
       Bite              |     2 |    21 |    18 ||    41
       Punch             |       |     2 |     8 ||    10
       Rapier            |       |    18 |   132 ||   150
       Hand axe          |       |       |    39 ||    39
Throw: Dart              |       |       |     2 ||     2
 Cast: Scorch            |       |       |    15 ||    15
Invok: Fiery Armour      |       |     1 |       ||     1
       Foxfire Swarm     |       |     2 |     6 ||     8
       Rising Flame      |       |       |     1 ||     1
Evoke: Wand              |       |       |     1 ||     1
  Use: Scroll            |       |     7 |    12 ||    19
       Potion            |       |       |    10 ||    10
 Stab: Invisible         |       |       |     1 ||     1
Armor: Ring mail         |    72 |   104 |   109 ||   285
Dodge: Dodged            |    82 |   114 |   138 ||   334

Table legend: (Time is in decaauts)
 A = Elapsed time spent in this place.
 B = Non-inter-level travel time spent in this place.
 C = Inter-level travel time spent in this place.
 D = Time resting spent in this place.
 E = Time spent auto-exploring this place.
 F = Levels seen in this place.
 G = Mean time per level.
                   A        B        C        D        E       F      G
               +--------+--------+--------+--------+--------+-----+--------+
         Total |   8624 |   8292 |    332 |   2373 |   4367 |   8 | 1078.0 |
       Dungeon |   8333 |   8016 |    317 |   2373 |   4124 |   7 | 1190.4 |
        Temple |    290 |    275 |     15 |      0 |    243 |   1 |  290.0 |
               +--------+--------+--------+--------+--------+-----+--------+

Top non-repeatable levels by time:
     D:2: 1664 daAuts
     D:5: 1643 daAuts
     D:6: 1617 daAuts
     D:4: 1532 daAuts
     D:1: 1043 daAuts
     D:3: 628 daAuts
  Temple: 290 daAuts
     D:7: 204 daAuts
